 Dungeon Crawl Stone Soup version 0.27.1-1-g398f81649c (webtiles) character file.

Game seed: 13774472072998554306

1821 Borgoz the Slasher (level 9, -1/55 HPs)
             Began as a Gargoyle Berserker on Sept 21, 2021.
             Was a Believer of Trog.
             Slain by a troll (7 damage)
             ... on level 6 of the Dungeon.
             The game lasted 00:06:42 (7862 turns).

Borgoz the Slasher (Gargoyle Berserker)             Turns: 7862, Time: 00:06:42

Health: -1/55      AC: 16    Str: 21    XL:     9   Next: 10%
Magic:  9/9        EV: 13    Int:  8    God:    Trog [**....]
Gold:   314        SH:  0    Dex: 12    Spells: 8/8 levels left

rFire    . . .     SeeInvis +   a - +1 falchion
rCold    . . .     Faith    .   (no shield)
rNeg     + . .     Spirit   .   c - +0 ring mail
rPois    ∞         Reflect  .   k - +0 helmet
rElec    +         Harm     .   e - +1 cloak
rCorr    .         Rampage  .   (no gloves)
Will     ++...                  (no boots)
Stlth    +.........             (no amulet)
HPRegen  1.18/turn              h - ring of see invisible
MPRegen  0.11/turn              (no ring)

@: strong-willed (expiring), on berserk cooldown, regenerating (expiring),
slowed, very slow
A: sickness immunity, AC +6, negative energy resistance 1, electricity
resistance, torment resistance 1, petrification resistance
a: Renounce Religion, Berserk, Trog's Hand


You were on level 6 of the Dungeon.
You worshipped Trog.
Trog was pleased with you.
You visited 2 branches of the dungeon, and saw 7 of its levels.

You collected 314 gold pieces.

Inventory:

Hand Weapons
 a - a +1 falchion (weapon)
Armour
 c - a +0 ring mail (worn)
 e - a +1 cloak (worn)
 k - a +0 helmet (worn)
Jewellery
 h - a ring of see invisible (left hand)
Scrolls
 b - a scroll of teleportation
 f - a scroll of fear
 j - a scroll of enchant weapon
 m - a scroll of enchant armour
Potions
 d - a potion of berserk rage {unknown}
 g - 3 potions of flight {unknown}
 i - a potion of cancellation {unknown}
 l - 2 potions of heal wounds {unknown}
 n - a potion of curing
 o - a potion of attraction


   Skills:
 + Level 6.1 Fighting
 * Level 6.6 Long Blades
 + Level 5.4 Armour
 * Level 5.7 Dodging


You had 8 spell levels left.
You didn't know any spells.
Your spell library was empty.

Dungeon Overview and Level Annotations

Branches:
Dungeon (6/15)             Temple (1/1) D:5

Altars:
Ashenzari
Cheibriados
Elyvilon
Fedhas
Hepliaklqana
Kikubaaqudgha
Makhleb
Okawaru
Qazlal
Ru
Sif Muna
Trog
Uskayaw
Vehumet
Wu Jian
Xom
Yredelemnul
Zin
The Shining One

Shops:
D:3 ?


Innate Abilities, Weirdness & Mutations

You are immune to sickness and miasma.
Your stone body is resilient. (AC +6)
You are immune to poison.
You resist negative energy. (rN+)
You are resistant to electric shocks. (rElec)
You are resistant to unholy torment.
You are immune to petrification.


Message History

* * * LOW HITPOINT WARNING * * *
The troll closely misses you. The shadow misses you.
You are too injured to fight recklessly!
You are too injured to fight recklessly!
You are too injured to fight recklessly!
You are too injured to fight recklessly!
You are too injured to fight recklessly!
You are too injured to fight recklessly!
You are too injured to fight recklessly!
You are too injured to fight recklessly!
You are too injured to fight recklessly!
You are too injured to fight recklessly!
You are too injured to fight recklessly!
You are too injured to fight recklessly!
You are too injured to fight recklessly!
You are too injured to fight recklessly!
You are too injured to fight recklessly!
Okay, then.
Your skin crawls.
You feel strong-willed. The troll completely misses you.
You riposte.
You closely miss the troll.
The troll is lightly wounded.
The troll claws you!
* * * LOW HITPOINT WARNING * * *
The troll barely misses you. The troll misses you. The troll claws you.
* * * LOW HITPOINT WARNING * * *
The troll claws you.
* * * LOW HITPOINT WARNING * * *
The troll bites you but does no damage. The troll claws you but does no damage.
The troll misses you. The troll closely misses you.
You riposte.
You hit the troll.
The troll is lightly wounded.
The troll barely misses you. x2
You feel the effects of Trog's Hand fading.
The troll bites you.
* * * LOW HITPOINT WARNING * * *
The troll claws you.
* * * LOW HITPOINT WARNING * * *
The troll claws you!
You die...

##...##########....# #.#
###..# ..##......#..#
###....# #.!###.......
#####......## #.## ##....#
............# ####W###
#...## .....####..##
##W#.##.#####...## .....#
#..# ##.#.#.#..<.##.....
....## #..#
#T######........... ....#
##.<#..##@#.#.#.###.......
....# #...##..........#
####....
....####..##############
##..# )...........# #..##
.#######.#### #..# .# #.#
#### ## #.# ###


You could see a troll.

Vanquished Creatures
  Sigmund (D:2)
  An ice beast (D:5)
  4 necrophages
  3 ogres
  A phantom (D:4)
  A wyvern zombie (D:6)
  A scorpion (D:4)
  A water moccasin skeleton (D:4)
  A howler monkey (D:6)
  A centaur zombie (D:5)
  2 bullfrog zombies
  4 iron imps
  A jelly (D:6)
  2 orc priests
  2 bullfrog skeletons
  3 iguanas
  An orc wizard (D:6)
  A killer bee zombie (D:3)
  A hound zombie (D:5)
  A hound skeleton (D:5)
  2 howler monkey zombies (D:6)
  7 adders
  2 white imps
  An ufetubus (D:5)
  2 adder skeletons (D:2)
  2 adder zombies (D:2)
  A worm (D:2)
  4 dart slugs
  9 orcs
  6 ball pythons
  6 endoplasms
  2 giant cockroaches (D:1)
  5 goblins
  5 hobgoblins
  6 kobolds
  2 quokkas (D:3)
  8 bats
  3 frilled lizards
  4 rats
110 creatures vanquished.

Vanquished Creatures (others)
  2 bushes (D:5)
  A fungus (D:4)
  9 plants (D:5)
12 creatures vanquished.

Grand Total: 122 creatures vanquished

Notes
Turn   | Place    | Note
-------+----------+-------------------------------------------
     0 | D:1      | Borgoz the Gargoyle Berserker began the quest for the Orb.
     0 | D:1      | Reached XP level 1. HP: 14/14 MP: 1/1
   217 | D:1      | Found a faded altar of an unknown god.
   481 | D:1      | Reached XP level 2. HP: 18/19 MP: 2/2
  1109 | D:2      | Reached XP level 3. HP: 23/23 MP: 3/3
  1689 | D:2      | Noticed Sigmund
  1705 | D:2      | Killed Sigmund
  1706 | D:2      | Reached XP level 4. HP: 16/29 MP: 4/4
  1706 | D:2      | Reached XP level 5. HP: 18/33 MP: 5/5
  2392 | D:3      | Reached XP level 6. HP: 29/38 MP: 6/6
  2563 | D:3      | Reached ** piety under Trog
  2736 | D:3      | Found a basalt altar of Yredelemnul.
  2926 | D:3      | Found an ornate altar of the Wu Jian Council.
  3022 | D:3      | Found Hyugecory's Magic Scroll Shoppe.
  3450 | D:3      | Found a burning altar of Makhleb.
  3574 | D:4      | Reached XP level 7. HP: 40/44 MP: 7/7
  3711 | D:4      | Found a stormy altar of Qazlal.
  3760 | D:4      | Reached skill level 5 in Long Blades
  4115 | D:4      | Found a bloodstained altar of Trog.
  4121 | D:4      | Found a glowing golden altar of the Shining One.
  4216 | D:4      | Found a shimmering altar of Xom.
  4681 | D:5      | Entered Level 5 of the Dungeon
  4681 | D:5      | Found a staircase to the Ecumenical Temple.
  4693 | D:5      | Reached skill level 5 in Fighting
  4699 | Temple   | Entered the Ecumenical Temple
  5600 | D:5      | Reached XP level 8. HP: 49/49 MP: 8/8
  5767 | D:5      | Found a white marble altar of Elyvilon.
  5958 | D:5      | You fall into a shaft and drop 1 floor!
  6272 | D:6      | Reached skill level 5 in Dodging
  6734 | D:6      | Reached skill level 5 in Armour
  7010 | D:5      | Found a blossoming altar of Fedhas.
  7421 | D:5      | Reached XP level 9. HP: 37/55 MP: 9/9
  7678 | D:6      | Found a snail-covered altar of Cheibriados.
  7831 | D:6      | Noticed a troll
  7862 | D:6      | Slain by a troll

Illustrated notes

Levels and vault maps discovered:
D:1:      dpeg_arrival_radiant, layout_loops_cross, basic_ecumenical_altar
D:2:      layout_basic, serial_undead, serial_undead_a, serial_undead_e,
          serial_undead_e, serial_undead_e, serial_undead_b, serial_undead_e,
          uniq_sigmund
D:3:      layout_basic, marbit_many_paths, nicolae_wu_jian_immortal_techniques,
          demons_altar, serial_shops, nicolae_diamond_shop,
          kennysheep_pointless_box, minmay_liquid_box, minivault_19,
          patterned_corridor
D:4:      layout_rooms, general_overflow_altar, mainiacjoe_overflow_boulevard,
          mainiacjoe_overflow_alcove_2, mainiacjoe_overflow_catwalk
D:5:      layout_basic, fedhas_altar_decomposition, elyvilon_altar_5,
          minmay_temple_entry_water_ring
D:6:      layout_layer_cave, slow_altar_1, minmay_small_thing
Temple:   compressed_dpeg_triangle_lava_temple

Skill      XL: |  1  2  3  4  5  6  7  8 |
---------------+-------------------------+-----
Long Blades    | 3 4 5 6 |  6.6
Dodging        | 2 3 4 5 |  5.7
Fighting       | 4 5 6 |  6.1
Armour         | 3 4 5 |  5.4

Action                   |  1- 3 |  4- 6 |  7- 9 || total
-------------------------+-------+-------+-------++-------
Melee: Falchion          |   110 |   145 |   325 ||   580
Invok: Berserk           |     1 |     4 |    10 ||    15
       Trog's Hand       |       |       |     2 ||     2
  Use: Scroll            |       |     4 |     6 ||    10
Armor: Ring mail         |    54 |    80 |   149 ||   283
       Animal skin       |     3 |       |       ||     3
Dodge: Dodged            |    72 |    91 |   188 ||   351
       Rpst.: Falchion   |    25 |    28 |    64 ||   117
